AoeStats
← Ux'RaúlME

Arena

509478184Analyzed
2v2 RM · 5d ago on Sep 26, 2026· 46m 28s· 4 players
Game mode
Random Map
Map size
Medium (4 player)
Population
200
Speed
Normal
Resources
Standard
Victory
Conquest
Starting age
Dark Age
Ending age
Imperial Age
RankedLock teamsTeams togetherTeam positionsShared explorationLock speedFull tech treeHidden civsTurbo modeCheats
Victory
Defeat
🇪🇸 Spanish · Spain
1239
+16
🇵🇱 Berbers · Poland
1236
+16
🇲🇽 Burgundians · Mexico
1266
-18
🇲🇽 Danes · Mexico
1191
-14
Ux'RaulitoMD
10:54 Feudal Age
11:55 Loom
12:57 Double-Bit Axe
15:20 Castle Age
14:04 Stone Mining
14:54 Horse Collar
16:02 Wheelbarrow
15:13 Town Watch
17:57 Fletching
24:23 Padded Archer Armor
25:22 Leather Archer Armor
25:35 Bow Saw
25:08 Elite Skirmisher
26:49 Heavy Plow
27:18 Bodkin Arrow
32:30 Imperial Age
30:14 Hamask
30:56 Gold Mining
31:41 Stone Shaft Mining
31:09 Crossbowman
32:01 Thumb Ring
33:00 Squires
32:45 Arson
32:47 Gambesons
33:52 Ring Archer Armor
33:23 Bracer
33:37 Forging
33:29 Scale Mail Armor
33:55 Conscription
35:08 Elite Varangian Guard
37:08 Chain Mail Armor
37:29 Iron Casting
39:38 Plate Mail Armor
39:45 Masonry
40:45 Chemistry
39:33 Pikeman
39:34 Man-at-Arms
40:18 Elite Varangian Guard
41:53 Guard Tower
43:38 Gold Shaft Mining
43:57 Arrowslits
45:30 Blast Furnace
45:48 Keep
45:47 Halberdier
45:47 Long Swordsman
Ux'RaúlME
3:22 Double-Bit Axe
4:48 Loom
5:46 Wheelbarrow
11:15 Feudal Age
10:35 Horse Collar
11:57 Loom
12:14 Loom
15:51 Castle Age
14:13 Bow Saw
14:53 Gold Mining
15:32 Heavy Plow
17:04 Gold Shaft Mining
16:23 Stone Mining
18:29 Town Watch
20:42 Fletching
23:57 Bodkin Arrow
31:41 Imperial Age
30:01 Hand Cart
30:12 Masonry
33:25 Chemistry
abenza8
10:51 Feudal Age
14:22 Castle Age
13:03 Double-Bit Axe
13:21 Horse Collar
14:05 Loom
15:27 Bow Saw
16:24 Town Watch
23:51 Wheelbarrow
28:48 Imperial Age
26:49 Gold Mining
28:37 Fletching
28:48 Padded Archer Armor
30:09 Bloodlines
32:09 Pikeman
34:38 Hand Cart
36:26 Leather Archer Armor
36:35 Block Printing
36:30 Fervor
36:38 Scale Barding Armor
37:45 Capped Ram
38:47 Chain Barding Armor
40:35 Two-Man Saw
39:57 Heavy Plow
39:49 Stone Mining
40:30 Bodkin Arrow
41:48 Conscription
43:10 Bracer
43:43 Ring Archer Armor
43:19 Elite Conquistador
44:44 Husbandry
44:05 Light Cavalry
44:56 Forging
45:24 Plate Barding Armor
47:11 Stone Shaft Mining
47:13 Iron Casting
brancjiXXL
11:54 Feudal Age
16:21 Castle Age
15:07 Double-Bit Axe
15:04 Horse Collar
16:08 Wheelbarrow
18:08 Bow Saw
18:27 Heavy Plow
23:29 Fletching
24:52 Man-at-Arms
26:12 Bodkin Arrow
26:16 Long Swordsman
27:53 Scale Mail Armor
31:55 Imperial Age
29:15 Loom
29:52 Bloodlines
29:42 Husbandry
31:03 Padded Archer Armor
32:03 Forging
32:00 Scale Barding Armor
31:48 Arson
31:59 Cavalier
35:16 Chain Barding Armor
35:33 Iron Casting
34:23 Light Cavalry
37:04 Plate Barding Armor
35:57 Hussar
39:34 Blast Furnace
38:54 Hand Cart
38:14 Elite Camel Archer
39:42 Ballistics
41:41 Two-Handed Swordsman
42:46 Thumb Ring
43:41 Maghrebi Camels
43:50 Bracer
44:55 Chemistry
Connection lost

Rejoining the realm…

Still unreachable

The connection could not be restored.

Session expired

The server has moved on; the page needs a fresh start.